 Dungeon Crawl Stone Soup version 0.22-a0-460-g49b1da7 (webtiles) character file.

66 DrEnzyme the Digger (level 4, -1/28 HPs)
             Began as an Octopode Wanderer on June 9, 2018.
             Slain by a gnoll
             ... wielding a +0 spear
              (11 damage)
             ... on level 2 of the Dungeon.
             The game lasted 00:10:06 (2239 turns).

DrEnzyme the Digger (Octopode Wanderer)             Turns: 2239, Time: 00:10:07

Health: -1/28      AC:  1    Str: 13    XL:     4   Next: 15%
Magic:  6/6        EV: 13    Int: 13    God:
Gold:   67         SH:  0    Dex: 11    Spells: 4/6 levels left

rFire    . . .     SeeInvis .   (no weapon)
rCold    . . .     Gourm    .   (no shield)
rNeg     . . .     Faith    .   (helmet restricted)
rPois    .         Spirit   .   (no amulet)
rElec    .         Reflect  .   (no ring)
rCorr    .         Harm     .   (no ring)
MR       .....                  (no ring)
Stlth    ++........             (no ring)
HPRegen  0.09/turn              (no ring)
MPRegen  0.10/turn              (no ring)
                                (no ring)
                                (no ring)

@: no status effects
A: almost no armour, stealthy swim, amphibious, 8 rings, constrict 8, camouflage
1, gelatinous body 1
a: no special abilities


You were on level 2 of the Dungeon.
You were not hungry.

You visited 1 branch of the dungeon, and saw 2 of its levels.

You collected 67 gold pieces.

Inventory:

Hand Weapons
 a - a +0 blowgun
Missiles
 c - a poisoned needle
Armour
 e - a +0 buckler
Potions
 b - a potion of berserk rage
 g - a potion of haste {unknown}
Comestibles
 f - 2 rations


   Skills:
 + Level 1.2 Fighting
 - Level 3.1 Throwing
 + Level 1.3 Dodging
 + Level 0.0 Unarmed Combat
 + Level 1.7 Spellcasting
 - Level 2.0 Summonings
   Level 1.0 Air Magic
   Level 4.0 Earth Magic


You had 4 spell levels left.
You knew the following spells:

 Your Spells              Type           Power        Failure   Level  Hunger
a - Call Imp              Summ           #.......     17%         2    ###....

Your spell library contained the following spells:

 Spells                   Type           Power        Failure   Level  Hunger
 Magic Dart               Conj           #...         26%         1    ##.....
 Conjure Flame            Conj/Fire      #.......     61%         3    ####...
 Slow                     Hex            #.......     36%         2    ###....
 Mephitic Cloud           Conj/Pois/Air  #.......     56%         3    ####...
 Blink                    Tloc           N/A          36%         2    ###....
 Ensorcelled Hibernation  Hex/Ice        #.....       36%         2    ###....


Dungeon Overview and Level Annotations

Branches:
Dungeon (2/15)

Altars:
Ashenzari
Ru

Annotations:
D:1 exclusion: downstairs
D:2 1 runed door, exclusions: door, 2 gnolls and worm


Innate Abilities, Weirdness & Mutations

You cannot wear most types of armour.
You are very stealthy in the water. (Stealth+)
You are amphibious.
You can wear up to eight rings at the same time.
You can use your tentacles to constrict eight enemies at once.
Your skin changes colour to match your surroundings (Stealth+).
Your rubbery body absorbs attacks. (AC +1, EV +1)


Message History

You kill the hobgoblin!
There is a stone staircase leading down here.
You see here a club.
You start resting.
HP restored.
You see here a whip.
The gnoll is too close now for your liking.
You see here a poisoned needle.
c - a poisoned needle The gnoll hits you from afar with a spear.
The gnoll hits you with a spear!
There is an open door, spattered with blood here.
You closely miss the gnoll. Your grab misses the gnoll.
The gnoll closely misses you.
The gnoll shouts!
You tentacle-slap the gnoll. Your grab misses the gnoll.
Your squeeze misses the gnoll.
The gnoll is lightly wounded.
The gnoll hits you with a spear!
You die...

#.....####..........##.....#
#.#..#...#..........##.#####
#....#...#.............#
#.####g..###..####....##
#..#⌠.##'##.⌠#..#...##.# ...
#.........#....####.# ..#
#.......#####.# #.# #
#......g#...#.# #..# #
+..._...@...'.# ##.# #
#$..(.(.(.....# #.# #
#.g.......#####)### #.# #
..............#......# #.#
##g.#⌠..#'.#.⌠#......# #.#
..g ####...####......# #.#
## #...#....<....###.## #
.....#..........#...# #
.#####........#.....####


You could see 2 gnolls.

Vanquished Creatures
  2 gnolls (D:2)
  2 oozes
  A worm (D:2)
  A dart slug (D:2)
  3 giant cockroaches (D:1)
  5 goblins (D:1)
  4 hobgoblins
  2 kobolds (D:1)
  A ball python (D:2)
  6 bats
  5 frilled lizards (D:1)
  5 rats (D:2)
37 creatures vanquished.

Notes
Turn   | Place    | Note
-------+----------+-------------------------------------------
     0 | D:1      | DrEnzyme the Octopode Wanderer began the quest for the Orb.
     0 | D:1      | DrEnzyme set off with: 10 poisoned needles, a +0 blowgun, a ration
     0 | D:1      | Reached XP level 1. HP: 11/11 MP: 2/2
   168 | D:1      | Reached XP level 2. HP: 15/17 MP: 3/3
   218 | D:1      | Learned a level 2 spell: Call Imp
   823 | D:1      | Reached XP level 3. HP: 22/22 MP: 4/4
  1427 | D:2      | Found a sacrificial altar of Ru.
  1602 | D:2      | Found a runed door.
  1661 | D:2      | Found a shattered altar of Ashenzari.
  1673 | D:2      | Reached skill level 1 in Fighting
  1673 | D:2      | Reached skill level 1 in Dodging
  1970 | D:2      | Reached XP level 4. HP: 15/28 MP: 3/6
  2239 | D:2      | Slain by a gnoll

Vault maps used:
D:1:      roderic_chinese_lattice_arrival, minmay_misc_feat_iff,
          kennysheep_decorative_pillar
D:2:      evilmike_ruin_ashenzari, lemuel_coloured_pillars_altar,
          uniq_crazy_yiuf_cottage

Skill      XL: |  1  2  3 |
---------------+----------+-----
Fighting       | 1 |  1.2
Throwing       | 3 |  3.1
Dodging        | 1 |  1.3
Spellcasting   | |  1.7
Summonings     | |  2.0
Air Magic      | |  1.0
Earth Magic    | |  4.0

Action                   |  1- 3 |  4- 6 || total
-------------------------+-------+-------++-------
Melee: Unarmed           |    17 |     9 ||    26
       Tentacles         |     2 |     1 ||     3
       Constrict         |     1 |     2 ||     3
 Fire: Blowgun           |    84 |       ||    84
 Cast: Call Imp          |     2 |       ||     2
  Use: Scroll            |     3 |       ||     3
  Eat: Chunk             |     2 |     2 ||     4
Armor: Skin              |    15 |       ||    15
Dodge: Dodged            |    53 |     3 ||    56

Table legend:
 A = Spawn XP
 B = Non-spawn XP
 C = Spawn XP percentage of total XP
 D = Spawn monster count
 E = Non-spawn monster count
 F = Spawn count percentage of total count
 G = Total turns spent on level
                    A         B        C        D         E        F      G
               +---------+---------+-------+---------+---------+-------+---------
         Total |       0 |      95 |   0.0 |       0 |      37 |   0.0 |  2239
               +---------+---------+-------+---------+---------+-------+---------
           D:1 |       0 |      43 |   0.0 |       0 |      24 |   0.0 |  1451
           D:2 |       0 |      52 |   0.0 |       0 |      13 |   0.0 |   788
               +---------+---------+-------+---------+---------+-------+---------
